Map: Deathaura LE

Players

Control

  • Race: Terran Terran
  • League: Diamond
  • Spawn Location: 11:00

Raven - Winner!

  • Race: Protoss Protoss
  • League: Gold
  • Spawn Location: 5:00

VOD

Have the link to the VOD?

Description

Time

  • Played on: Sept. 13, 2020, 12:15 p.m.
  • Length: 5:44
Show
View Real Time Build Order
Export as new Build Order

Control Terran 

Build Orders: Reaper Expand 

Get SALT Encoding   

  12  0:00  SCV  
  13  0:12  SCV  
  14  0:17  Supply Depot  
  14  0:24  SCV  
  15  0:39  SCV  
  15  0:41  Barracks  
  16  0:45  Refinery  
  16  0:51  SCV  
  17  1:03  SCV  
  18  1:15  SCV  
  19  1:28  Orbital Command, Reaper  
  20  1:42  Command Center  
  20  1:54  SCV  
  20  1:56  Supply Depot  
  20  1:59  Marine  
  22  2:06  SCV  
  23  2:17  Barracks Reactor  
  23  2:20  Bunker  
  23  2:22  SCV  
  24  2:24  Factory  
  24  2:30  Refinery  
  24  2:34  SCV  
  25  2:46  SCV  
  26  2:54  Orbital Command  
  26  2:56  Supply Depot, Marine x2  
  28  2:58  SCV  
  29  3:10  Starport  
  29  3:12  Widow Mine  
  31  3:13  Marine  
  31  3:14  Marine  
  31  3:15  SCV  
  34  3:26  SCV  
  35  3:27  SCV  
  35  3:31  Marine x2  
  35  3:33  Supply Depot  
  37  3:38  SCV, Widow Mine  
  37  3:39  SCV  
  41  3:48  Medivac  
  43  3:50  SCV  
  43  3:51  SCV  
  45  3:57  Marine x2  
  45  3:59  Widow Mine, Supply Depot  
  49  4:03  SCV x2  
  51  4:15  SCV x2  
  53  4:19  Starport Tech Lab  
  53  4:21  Supply Depot  
  53  4:24  Factory Tech Lab, Marine x2  
  53  4:26  Command Center  
  53  4:29  SCV x2  
  57  4:39  Raven  
  57  4:41  SCV x2  
  61  4:56  SCV x2  
  61  4:58  Engineering Bay x2, Barracks  
  63  5:00  Barracks  
  62  5:07  Widow Mine x2  
  62  5:08  SCV  
  62  5:09  SCV  
Show
View Real Time Build Order
Export as new Build Order

Raven Protoss - Winner!

Build Orders: 1 Gate Expand 

Get SALT Encoding   

  12  0:00  Probe  
  13  0:12  Probe (Chrono Boost)  
  14  0:17  Pylon  
  14  0:25  Probe (Chrono Boost)  
  15  0:34  Probe (Chrono Boost)  
  16  0:37  Gateway  
  16  0:43  Probe  
  17  0:50  Assimilator  
  17  0:55  Probe (Chrono Boost)  
  18  1:08  Probe (Chrono Boost)  
  19  1:15  Probe (Chrono Boost)  
  20  1:22  Probe  
  21  1:27  Cybernetics Core  
  21  1:34  Probe  
  21  1:39  Nexus  
  22  1:45  Pylon  
  22  1:53  Assimilator  
  22  1:57  Probe  
  23  2:03  Warp Gate, Stalker (Chrono Boost)  
  25  2:33  Probe  
  25  2:35  Robotics Facility  
  26  2:39  Stalker  
  28  2:45  Probe  
  29  2:54  Gateway  
  29  2:56  Gateway  
  30  3:00  Probe (Chrono Boost)  
  30  3:02  Probe (Chrono Boost)  
  33  3:13  Probe (Chrono Boost)  
  33  3:14  Probe (Chrono Boost)  
  33  3:16  Stalker  
  33  3:18  Probe (Chrono Boost)  
  36  3:21  Probe  
  37  3:33  Immortal (Chrono Boost)  
  41  3:42  Pylon  
  41  3:46  Pylon, Stalker  
  43  3:49  Assimilator  
  43  3:54  Probe x2  
  45  4:02  Stalker  
  45  4:06  Probe x2  
  45  4:07  Stalker  
  51  4:18  Probe  
  53  4:31  Probe  
  53  4:37  Pylon  
  53  4:40  Nexus, Probe  
  53  4:42  Stalker  
  53  4:43  Probe  
  57  5:01  Probe  
  57  5:02  Probe  
  59  5:14  Probe  
  60  5:19  Probe  
  61  5:24  Gateway  
  61  5:26  Gateway  
  61  5:28  Gateway  
Tags
 
Add a new tag
Caveats
  • Supply blocks, unpowered buildings, or Contaminate may cause inaccurate times.
  • Supply counts are checked every 10 seconds.